 Dungeon Crawl Stone Soup version 0.27-a0-1586-gd5c625afe7 (webtiles) character file.

Game seed: 4235802832585924222

3318 HAL9000 the Covert (level 10, -3/51 HPs)
             Began as a Vine Stalker Brigand on July 18, 2021.
             Was an Initiate of Dithmenos.
             Slain by a fire elemental (8 damage)
             ... summoned by a deep elf pyromancer
             ... on level 8 of the Dungeon.
             The game lasted 00:20:30 (7683 turns).

HAL9000 the Covert (Vine Stalker Brigand)           Turns: 7683, Time: 00:20:31

Health: -3/51      AC:  5    Str: 21    XL:     10   Next: 2%
Magic:  0/11       EV: 11    Int: 13    God:    Dithmenos [......]
Gold:   347        SH:  0    Dex: 16    Spells: 9/9 levels left

rFire    . . .     SeeInvis .   a - +7 dagger (vamp)
rCold    . . .     Faith    .   (no shield)
rNeg     . . .     Spirit   +   b - +0 robe
rPois    .         Reflect  .   (no helmet)
rElec    .         Harm     .   c - +1 cloak
rCorr    .         Rampage  .   h - +0 pair of gloves
Will     ++...                  (no boots)
Stlth    +++++.....             p - amulet of magic regeneration
HPRegen  1.17/turn              k - ring of willpower
MPRegen  0.37/turn              l - +6 ring of strength

@: no status effects
A: fangs 3, regeneration 1, magic shield, antimagic bite, no potion heal 2
a: Renounce Religion


You were on level 8 of the Dungeon.
You worshipped Dithmenos.
Dithmenos was noncommittal.
You visited 2 branches of the dungeon, and saw 9 of its levels.

You collected 347 gold pieces.

Inventory:

Hand Weapons
 a - a +7 vampiric dagger (weapon)
 t - a +2 hunting sling of flaming
Missiles
 e - a throwing net
 g - 12 boomerangs
 u - 188 stones
 w - 4 javelins (quivered)
 y - 19 poisoned darts
 H - 3 datura-tipped darts
Armour
 b - a +0 robe (worn)
 c - a +1 cloak (worn)
 h - a +0 pair of gloves (worn)
Jewellery
 k - a ring of willpower (left hand)
 l - a +6 ring of strength (right hand)
 m - a ring of resist corrosion
 p - an amulet of magic regeneration (around neck)
 C - a ring of magical power
 J - an amulet of faith
Wands
 B - a wand of iceblast (9)
 Q - a wand of polymorph (7)
Scrolls
 f - 4 scrolls of amnesia
 j - 2 scrolls of noise
 n - 2 scrolls of enchant weapon
 s - a scroll of enchant armour
 z - a scroll of blinking {unknown}
 A - a scroll of torment {unknown}
 D - 3 scrolls of teleportation {unknown}
 E - a scroll of holy word {unknown}
 F - a scroll of magic mapping {unknown}
 I - 2 scrolls of silence {unknown}
 K - a scroll of brand weapon {unknown}
 L - a scroll of summoning {unknown}
 O - a scroll of fog {unknown}
Potions
 d - a potion of brilliance {unknown}
 i - 2 potions of mutation {unknown}
 o - 5 potions of curing
 r - 4 potions of flight
 v - a potion of haste {unknown}
 x - a potion of might {unknown}
 G - a potion of ambrosia {unknown}
 M - a potion of invisibility {unknown}


   Skills:
 + Level 4.8 Fighting
 - Level 7.5 Short Blades
 - Level 4.5 Throwing
 - Level 0.7 Dodging
 - Level 12.3 Stealth


You had 9 spell levels left.
You didn't know any spells.
Your spell library contained the following spells:

 Spells                   Type           Power      Damage    Failure   Level
 Shock                    Conj/Air       0%         1d3       30%         1
 Blink                    Tloc           N/A        N/A       43%         2
 Swiftness                Air            0%         N/A       67%         3
 Airstrike                Air            0%         N/A       97%         4
 Manifold Assault         Tloc           0%         N/A       100%        5
 Storm Form               Tmut/Air       0%         N/A       100%        7


Dungeon Overview and Level Annotations

Branches:
Dungeon (8/15)             Temple (1/1) D:7
   Lair: D:8-11

Altars:
Ashenzari
Cheibriados
Dithmenos
Elyvilon
Fedhas
Gozag
Hepliaklqana
Kikubaaqudgha
Makhleb
Nemelex Xobeh
Okawaru
Qazlal
Ru
Sif Muna
Trog
Uskayaw
Vehumet
Wu Jian
Xom
Yredelemnul
Zin
The Shining One

Shops:
D:7 *

Annotations:
D:4 Pikel
D:8 Erica


Innate Abilities, Weirdness & Mutations

You have razor-sharp teeth.
Your natural rate of healing is unusually fast.
When hurt, damage is shared between your health and your magic reserves.
Your bite disrupts and absorbs the magic of your enemies.
Potions cannot restore your health.


Message History

The bullfrog hits you. The bullfrog hits you.
* * * LOW HITPOINT WARNING * * *
The bullfrog barely misses you.
As you read the scroll labelled BOKLOU FASI QUG, it crumbles to dust.
You hear a loud clanging noise!
It was a scroll of noise.
You hear a bellow!
You hear a shout!
The bullfrog hits you. The bullfrog barely misses you.
Unknown command.
As you read the scroll labelled EQOOTZU SIBIS, it crumbles to dust.
It is a scroll of enchant weapon.
Your +6 vampiric dagger glows red for a moment.
A killer bee zombie comes into view.
The bullfrog barely misses you.
Unknown command.
The bullfrog hits you but does no damage.
The fire elemental barely misses you.
Found a robe.
The killer bee zombie completely misses you.
The bullfrog barely misses you. The killer bee zombie hits you.
Found a stone staircase leading down.
Erica the Fiery-Tempered comes into view.
She is wielding a +1 scimitar of flaming and wearing a +2 robe of cold resistance.
The fire elemental hits you. The fire elemental burns you!
The bullfrog snags a nearby mosquito with its tongue.
The bullfrog hits you but does no damage.
The killer bee zombie completely misses you.
The killer bee zombie hits you.
As you read the scroll labelled DAGACO ATOH, it crumbles to dust.
It is a scroll of enchant armour.
Your +0 cloak glows green for a moment.
The bullfrog hits you. The killer bee zombie hits you.
The fire elemental hits you. The fire elemental burns you!
* * * LOW HITPOINT WARNING * * *
The deep elf pyromancer gestures wildly while chanting.
The fire elemental barely misses you. The bullfrog hits you.
* * * LOW HITPOINT WARNING * * *
The killer bee zombie hits you.
* * * LOW HITPOINT WARNING * * *
The fire elemental hits you. The fire elemental burns you!
You die...

......####
......#...##.....#.##...
...................#.....
.....................>....
.........................#
...#....####.....[......###.
...#...#####...@................
...##..# #.....................#
...# #### ##..@Z.............#.
...#._._.# .#..EEF.............$
...#.>...#......○°............#
...#.___.#.......°°...........##
...#.....#.........°...........##
#..#g_h..#.........○............#
#..#######....###..eE...###.....#
...............##..#....# ###.)..
..............#.....#..#######...


You could see Erica, a deep elf pyromancer, 3 fire elementals, a bullfrog and a
killer bee zombie.

Vanquished Creatures
  A two-headed ogre (D:8)
  Maurice (D:8)
  4 water moccasins
  2 orc warriors
  2 ice beasts
  2 necrophages (D:5)
  A phantom (D:5)
  3 lemures (D:3)
  A bullfrog (D:6)
  A scorpion (D:7)
  2 gnoll sergeants
  A water moccasin zombie (D:6)
  2 water moccasin skeletons
  2 bullfrog zombies
  A lava snake (D:7)
  A bullfrog skeleton (D:6)
  2 jellies
  4 orc priests
  3 hounds
  2 iguanas
  Jessica (D:3)
  2 orc wizards
  A killer bee zombie (D:8)
  A howler monkey zombie (D:6)
  14 gnolls
  A howler monkey skeleton (D:6)
  9 adders
  3 shadow imps
  An adder skeleton (D:4)
  3 worms (D:2)
  A dart slug (D:1)
  22 orcs
  7 endoplasms
  A giant cockroach (D:4)
  5 goblins
  6 hobgoblins
  3 jackals
  3 quokkas
  5 ball pythons
  3 bats
  6 frilled lizards
  7 kobolds
  7 rats
150 creatures vanquished.

Vanquished Creatures (others)
  A jelly (D:7)
1 creature vanquished.

Grand Total: 151 creatures vanquished

Notes
Turn   | Place    | Note
-------+----------+-------------------------------------------
     0 | D:1      | HAL9000 the Vine Stalker Brigand began the quest for the
                  | Orb.
     0 | D:1      | Reached XP level 1. HP: 11/11 MP: 2/2
   449 | D:1      | Reached XP level 2. HP: 15/15 MP: 3/3
  1365 | D:2      | Reached XP level 3. HP: 7/18 MP: 0/4
  1794 | D:1      | Gained mutation: Your natural rate of healing is unusually
                  | fast. [Vine Stalker growth]
  1794 | D:1      | Reached XP level 4. HP: 8/23 MP: 1/5
  2624 | D:3      | Reached XP level 5. HP: 26/26 MP: 4/6
  2624 | D:3      | Noticed Jessica
  2637 | D:3      | Killed Jessica
  2950 | D:3      | Reached XP level 6. HP: 27/30 MP: 7/7
  3459 | D:4      | Noticed Pikel
  4248 | D:5      | Entered Level 5 of the Dungeon
  4277 | D:5      | Noticed a water moccasin
  4282 | D:5      | Killed a water moccasin
  4283 | D:5      | Reached skill level 5 in Short Blades
  4283 | D:5      | Reached XP level 7. HP: 34/34 MP: 8/8
  4312 | D:5      | Reached skill level 5 in Stealth
  4516 | D:5      | Reached skill level 6 in Stealth
  4625 | D:5      | Reached skill level 7 in Stealth
  4815 | D:5      | Reached skill level 8 in Stealth
  4815 | D:5      | Gained mutation: You have razor-sharp teeth. [Vine Stalker
                  | growth]
  4815 | D:5      | Reached XP level 8. HP: 27/37 MP: 6/9
  4908 | D:6      | Found a burning altar of Makhleb.
  4908 | D:6      | Found a white marble altar of Elyvilon.
  4908 | D:6      | Found a basalt altar of Yredelemnul.
  5140 | D:6      | Reached skill level 9 in Stealth
  5343 | D:6      | Reached skill level 10 in Stealth
  5549 | D:5      | Reached skill level 11 in Stealth
  5902 | D:6      | Reached XP level 9. HP: 35/42 MP: 10/10
  6016 | D:6      | HP: 1/42 [ice beast (10)]
  6079 | D:6      | Found a shadowy altar of Dithmenos.
  6171 | D:6      | Reached skill level 12 in Stealth
  6335 | D:7      | Found Modub's Assorted Antiques.
  6364 | D:7      | Found a radiant altar of Vehumet.
  6485 | D:6      | Became a worshipper of Dithmenos the Shadowed
  6788 | D:7      | Found a staircase to the Ecumenical Temple.
  7049 | Temple   | Entered the Ecumenical Temple
  7547 | D:8      | Noticed Maurice
  7562 | D:8      | Killed Maurice
  7571 | D:8      | Found a shimmering altar of Xom.
  7602 | D:8      | Found a shimmering altar of Xom.
  7602 | D:8      | Found a shimmering altar of Xom.
  7603 | D:8      | Found a shimmering altar of Xom.
  7604 | D:8      | Found a shimmering altar of Xom.
  7607 | D:8      | Found a shimmering altar of Xom.
  7648 | D:8      | Noticed a two-headed ogre
  7656 | D:8      | Killed a two-headed ogre
  7657 | D:8      | Reached XP level 10. HP: 51/51 MP: 11/11
  7657 | D:8      | Noticed a deep elf pyromancer
  7680 | D:8      | Noticed Erica
  7683 | D:8      | Slain by a fire elemental

Illustrated notes

Levels and vault maps discovered:
D:1:      heliophobic_arrival_enchanted_forest, layout_loops_ring
D:2:      layout_basic, moated_statue
D:3:      layout_loops_ring, grunt_ministairs_10, uniq_jessica
D:4:      layout_cave_pools, minmay_vboxes, uniq_pikel
D:5:      layout_cave_pools, serial_rivers, chequers_serial_rivers_micro_c,
          chequers_serial_rivers_micro_a, chequers_serial_rivers_micro_d,
          chequers_serial_rivers_room_b, chequers_serial_rivers_room_b,
          kennysheep_cluttered_room, grunt_ministairs_8
D:6:      layout_loops_corners, chequers_temple_overflow_statue_of_worship,
          nicolae_overflow_hidden_temple
D:7:      layout_rooms, old_standard_altar, lemuel_temple_firewalk_b,
          serial_shops, nicolae_shop_crystal, minmay_door_square,
          kennysheep_crisscross
D:8:      layout_cave_pools, xom_shifter_show, st_stairs_8, uniq_erica,
          uniq_maurice
Temple:   eino_temple_scatter_basement

Skill      XL: |  1  2  3  4  5  6  7  8  9 |
---------------+----------------------------+-----
Throwing       | 2 3 4 |  4.5
Short Blades   | 2 3 5 7 |  7.5
Stealth        | 8 11 12 | 12.3
Fighting       | 4 |  4.8
Dodging        | |  0.7

Action                   |  1- 3 |  4- 6 |  7- 9 | 10-12 || total
-------------------------+-------+-------+-------+-------++-------
Melee: Dagger            |    64 |   224 |   264 |     3 ||   555
       Bite              |     9 |    89 |   106 |       ||   204
 Fire: Hunting sling     |       |       |     2 |       ||     2
Throw: Dart              |    11 |    32 |    17 |       ||    60
       Boomerang         |       |       |    11 |       ||    11
       Throwing net      |       |       |     1 |       ||     1
  Use: Scroll            |       |       |     4 |     3 ||     7
 Stab: Sleeping          |    11 |     8 |    12 |       ||    31
       Distracted        |       |       |     3 |       ||     3
       Held in net/web   |       |       |     1 |       ||     1
Armor: Robe              |    14 |    31 |    27 |     6 ||    78
Dodge: Dodged            |    29 |    81 |    87 |    15 ||   212

Table legend: (Time is in decaauts)
 A = Elapsed time spent in this place.
 B = Non-inter-level travel time spent in this place.
 C = Inter-level travel time spent in this place.
 D = Time resting spent in this place.
 E = Time spent auto-exploring this place.
 F = Levels seen in this place.
 G = Mean time per level.
                   A        B        C        D        E       F      G
               +--------+--------+--------+--------+--------+-----+--------+
         Total |   7571 |   6851 |    720 |   1017 |   4294 |   9 |  841.2 |
       Dungeon |   7374 |   6672 |    702 |   1017 |   4116 |   8 |  921.8 |
        Temple |    196 |    178 |     18 |      0 |    178 |   1 |  196.0 |
               +--------+--------+--------+--------+--------+-----+--------+

Top non-repeatable levels by time:
     D:1: 1422 daAuts
     D:6: 1339 daAuts
     D:3: 1126 daAuts
     D:2: 972 daAuts
     D:7: 914 daAuts
     D:4: 722 daAuts
     D:5: 646 daAuts
     D:8: 231 daAuts
  Temple: 196 daAuts
